 Dungeon Crawl Stone Soup version 0.28-a0-909-g796cbd3a86 (webtiles) character file.

Game seed: 9779499757737376408

95622 Angani the Placeless Vine Stalker (level 16, -2/68 HPs)
             Began as a Vine Stalker Conjurer on Nov 24, 2021.
             Was a High Priest of Hepliaklqana.
             Shot with an arrow by a centaur warrior (17 damage)
             ... on level 13 of the Dungeon on Nov 25, 2021.
             The game lasted 02:20:50 (32538 turns).

Angani the Placeless Vine Stalker (VSCj)           Turns: 32538, Time: 02:20:51

Health: -2/68      AC: 10    Str: 12    XL:     16   Next: 14%
Magic:  0/40       EV: 14    Int: 22    God:    Hepliaklqana [*****.]
Gold:   1143       SH:  0    Dex: 14    Spells: 9/35 levels left

rFire   + + .      SeeInvis +   a - +5 scythe "Finisher" {speed, eviscerate}
rCold   + + .      Faith    .   (shield currently unavailable)
rNeg    . . .      Spirit   +   I - +2 robe {rC+ rF+}
rPois   +          Reflect  .   y - +0 helmet
rElec   .          Harm     .   V - +2 cloak of the Thief {*Fog Slay-2 SInv Stlth+}
rCorr   .          Rampage  .   j - +0 pair of gloves of the Hills {rF+ SInv}
Will    ++...                   U - +0 pair of boots of the Sturgeon {SInv}
Stlth   ++++......              (no amulet)
HPRegen 1.21/turn               T - ring of Kyuntu {rPois rC+ SInv}
MPRegen 0.27/turn               A - ring of magical power

@: no status effects
A: reduced essence, fangs 3, regeneration 1, magic shield, antimagic bite, no
potion heal 2
a: Renounce Religion, Recall Ancestor, Ancestor Identity, Transference, Idealise


You were on level 13 of the Dungeon.
You worshipped Hepliaklqana.
Hepliaklqana was extremely pleased with you.
You visited 4 branches of the dungeon, and saw 22 of its levels.
You also visited: Gauntlet and Ice Cave.

You collected 2332 gold pieces.
You spent 1189 gold pieces at shops.

Inventory:

Hand Weapons
 a - the +5 scythe "Finisher" (weapon) {speed, eviscerate}
   (You bought it in a shop on level 2 of the Dungeon)

   Attacks with this weapon are significantly faster.
   It may eviscerate those it strikes, slaying them instantly, with a decreasing
   chance against stronger foes.
 b - the +11 longbow "Woky" {speed, Str+3 Int+5}
   (You found it on level 5 of the Lair of Beasts)

   Attacks with this weapon are significantly faster.
   Str:       It affects your strength (+3).
   Int:       It affects your intelligence (+5).
Missiles
 J - a curare-tipped dart
 Q - a throwing net
 X - 419 arrows
Armour
 j - the +0 pair of gloves of the Hills (worn) {rF+ SInv}
   (You acquired it on level 8 of the Dungeon)

   rF:        It protects you from fire.
   SInv:      It lets you see invisible.
 x - a +0 pair of boots
 y - a +0 helmet (worn)
 I - a +2 robe of resistance (worn)
 O - a scarf of resistance
 U - the +0 pair of boots of the Sturgeon (worn) {SInv}
   (You found it in a Gauntlet)

   SInv:      It lets you see invisible.
 V - the +2 cloak of the Thief (worn) {*Fog Slay-2 SInv Stlth+}
   (You bought it in a shop on level 2 of the Orcish Mines)

   It may release a thick cloud of smoke when the wearer is hurt.
   Slay:      It affects your accuracy & damage with ranged weapons and melee
   (-2).
   SInv:      It lets you see invisible.
   Stlth:     It makes you more stealthy.
Jewellery
 g - a ring of flight
 p - a +6 ring of strength
 A - a ring of magical power (right hand)
 D - a ring of resist corrosion
 T - the ring of Kyuntu (left hand) {rPois rC+ SInv}
   (You found it on level 2 of the Lair of Beasts)

   [ring of poison resistance]

   rC:        It protects you from cold.
   rPois:     It protects you from poison.
   SInv:      It lets you see invisible.
Wands
 v - a wand of charming (12)
 w - a wand of iceblast (39)
 B - a wand of mindburst (7)
 E - a wand of flame (69)
 L - a wand of digging (4)
 R - a wand of paralysis (11)
 S - a wand of acid (14)
Scrolls
 c - 3 scrolls of silence
 d - a scroll of brand weapon
 e - 2 scrolls of fear
 f - a scroll of torment
 h - 4 scrolls of amnesia
 i - 8 scrolls of teleportation
 l - 4 scrolls of magic mapping
 m - a scroll of immolation
 q - 3 scrolls of summoning
 u - a scroll of enchant weapon
 F - 3 scrolls of fog
 G - a scroll of enchant armour
 H - a scroll of vulnerability
Potions
 k - 3 potions of mutation
 n - 6 potions of curing
 o - 3 potions of lignification
 r - 2 potions of magic
 s - 2 potions of might
 t - 5 potions of haste
 z - 3 potions of attraction
 C - a potion of berserk rage
 K - 3 potions of flight {unknown}
 M - 2 potions of cancellation {unknown}
 P - 12 potions of ambrosia
 W - 2 potions of resistance
Miscellaneous
 N - a condenser vane


   Skills:
 - Level 5.0 Fighting
 - Level 6.5 Polearms
 + Level 10.8 Bows
 - Level 6.0 Dodging
 + Level 3.9 Stealth
 - Level 10.3 Spellcasting
 - Level 9.6 Conjurations
 - Level 8.4 Hexes
 - Level 11.1 Translocations
 - Level 7.0 Ice Magic
 - Level 7.0 Air Magic
 - Level 8.6 Invocations
 - Level 5.0 Evocations


You had 9 spell levels left.
You knew the following spells:

 Your Spells              Type           Power      Damage    Failure   Level
a - Magic Dart            Conj           100%       1d8       1%          1
b - Searing Ray           Conj           100%       2d8       1%          2
c - Fulminant Prism       Conj/Hex       25%        3d14      1%          4
d - Iskenderun's Mystic   Conj/Tloc      54%        2d12      1%          4
e - Summon Guardian Gole  Hex/Summ       29%        N/A       3%          3
f - Blink                 Tloc           100%       N/A       1%          2
g - Manifold Assault      Tloc           57%        N/A       1%          5
h - Freezing Cloud        Conj/Ice/Air   23%        6-21      6%          5

Your spell library contained the following spells:

 Spells                   Type           Power      Damage    Failure   Level
 Slow                     Hex            100%       N/A       1%          1
 Static Discharge         Conj/Air       48%        N/A       1%          2
 Confusing Touch          Hex            48%        N/A       1%          3
 Dazzling Flash           Conj/Hex       100%       N/A       1%          3
 Lesser Beckoning         Tloc           57%        N/A       1%          3
 Mephitic Cloud           Conj/Pois/Air  35%        N/A       1%          3
 Passage of Golubria      Tloc           57%        N/A       1%          4
 Lightning Bolt           Conj/Air       24%        1d39      5%          5
 Animate Skeleton         Necr           22%        N/A       6%          1
 Pain                     Necr           44%        1d6       6%          1
 Summon Small Mammal      Summ           44%        N/A       6%          1
 Silence                  Hex/Air        22%        N/A       7%          5
 Call Canine Familiar     Summ           11%        N/A       17%         3
 Ignite Poison            Fire/Tmut/Pois 11%        N/A       17%         3
 Vampiric Draining        Necr           11%        2d6       17%         3
 Orb of Destruction       Conj           26%        9d10      67%         7
 Spellforged Servitor     Conj/Summ      16%        N/A       100%        7
 Lehudib's Crystal Spear  Conj/Erth      16%        10d5      100%        8
 Maxwell's Capacitive Co  Air            21%        ∞         100%        8


Dungeon Overview and Level Annotations

Branches:
Dungeon (13/15)            Temple (1/1) D:4            Lair (6/6) D:11
 Shoals (0/4) Lair:3       Spider (0/4) Lair:4        Slime (0/5) Lair:5
    Orc (2/2) D:10            Elf (0/3) Orc:2         IceCv (visited)
Gauntlet (visited)
 Vaults: D:13-14

Altars:
Ashenzari
Cheibriados
Dithmenos
Elyvilon
Fedhas
Gozag
Hepliaklqana
Kikubaaqudgha
Makhleb
Nemelex Xobeh
Okawaru
Qazlal
Ru
Sif Muna
Trog
Uskayaw
Vehumet
Wu Jian
Xom
Yredelemnul
Zin
The Shining One
Beogh
Jiyva

Shops:
D:2 *((::   D:5 (   Orc:1 ?=   Orc:2 :[=![

Annotations:
D:12 exclusion: 3 doors
Lair:1 exclusion: oklob plant
Lair:5 exclusion: downstairs


Innate Abilities, Weirdness & Mutations

Your life essence is reduced to manifest your ancestor. (-10% HP)
You have razor-sharp teeth.
Your natural rate of healing is unusually fast.
When hurt, damage is shared between your health and your magic reserves.
Your bite disrupts and absorbs the magic of your enemies.
Potions cannot restore your health.


Message History

The searing ray hits the acid dragon.
The acid dragon is moderately wounded. (Press . to maintain the ray.)
The centaur warrior wields a +0 longbow.
The centaur warrior shoots an arrow.
The arrow hits you!!
A slime creature comes into view.
Unknown command.
Casting: Searing Ray (safe; 1% risk of failure)
Confirm with . or Enter, or press ? or * to list all spells.
Okay, then.
Unknown command.
The acid dragon spits acid at you. The splash of acid hits you!!
With a swish of your cloak, you release a cloud of fog.
The acid corrodes you!
Casting: Searing Ray (safe; 1% risk of failure)
Confirm with . or Enter, or press ? or * to list all spells.
Aiming: Freezing Cloud (dangerous; 6% risk of failure)
Press: ? - help, Dir - move target The centaur warrior unwields a +0 longbow.
The centaur warrior hits you but does no damage.
The centaur warrior kicks you but does no damage.
There are monsters nearby!
Unknown command.
Casting: Freezing Cloud (dangerous; 6% risk of failure)
Confirm with . or Enter, or press ? or * to list all spells.
You blink.
You are engulfed in freezing vapours.
You resist.
You are no longer corroded.
The centaur warrior wields a +0 longbow.
The centaur warrior shoots an arrow.
The arrow closely misses you.
Unknown command.
Casting: Blink (safe; 1% risk of failure)
Confirm with . or Enter, or press ? or * to list all spells.
You blink.
The centaur warrior shoots an arrow.
The arrow hits you!
With a swish of your cloak, you release a cloud of fog.
Unknown command.
The centaur warrior shoots an arrow.
The arrow hits you!!
* * * LOW HITPOINT WARNING * * *
The centaur warrior shoots an arrow.
The arrow hits you!!
You die...

........ #..
........ #.#
#....... #.#
#..##### #.# #..#
#.# #..# #.# #..#
#.#########..#####
#@§.....c.§.......
#§§§§.....########
#§§§§.....# #
#§§§§..D..# #
#§§§§.....########
#.................
#.#########.......
#. #.......
#.#########.......


You could see a centaur warrior.

Vanquished Creatures
  An ettin (Orc:1)
  A hydra (Lair:6)
  A boulder beetle (Lair:6)
  2 alligators (Lair:5)
  4 two-headed ogres
  Nergalle (Lair:3)
  3 death yaks
  2 goliath frogs (Lair:6)
  An orange crystal statue (Gauntlet)
  5 orc knights (Orc:2)
  A necromancer (IceCv)
  6 oklob plants
  7 elephants
  2 ice statues (IceCv)
  A cyclops (D:11)
  Joseph (D:9)
  2 manticores
  A centaur zombie (D:11)
  3 black mambas
  16 cane toads
  A torpor snail (Lair:5)
  An unseen horror (D:6)
  Maggie (Lair:1)
  A gargoyle (D:12)
  3 komodo dragons
  4 anaconda simulacra (IceCv)
  5 rime drakes
  2 entropy weaver simulacra (IceCv)
  2 ice devils (IceCv)
  Psyche (D:9)
  2 tyrant leeches (Lair:6)
  4 trolls
  Prince Ribbit (D:9)
  A queen bee (Lair:2)
  13 blink frogs
  Grinder (D:6)
  A polar bear (Lair:6)
  11 dream sheep
  5 slime creatures
  5 flying skulls (Gauntlet)
  3 wraiths
  7 wyverns
  A shadow (D:8)
  A dire elephant simulacrum (IceCv)
  13 yaks
  Grum (D:9)
  2 basilisks
  4 vampire mosquitoes
  4 hogs
  A death yak simulacrum (IceCv)
  5 wargs
  A harpy simulacrum (IceCv)
  2 acid dragons
  7 water moccasins
  22 orc warriors
  2 black bears (Lair:5)
  An ice beast (D:5)
  2 sky beasts (D:7)
  7 wolves
  An ogre (D:6)
  6 centaurs
  A phantom (D:4)
  4 kobold brigands
  Blork the orc (D:4)
  11 bullfrogs
  2 scorpions
  29 killer bees
  2 electric eels
  A howler monkey (D:10)
  5 orc priests
  2 hounds
  2 jellies (D:6)
  4 iguanas
  Natasha (D:3)
  5 orc wizards
  A hell rat (Lair:5)
  A spriggan simulacrum (IceCv)
  A howler monkey zombie (D:10)
  4 gnolls (D:2)
  7 adders
  2 white imps
  4 ufetubi
  An adder skeleton (D:4)
  3 worms
  5 dart slugs
  56 orcs
  2 bats
  5 endoplasms
  3 giant cockroaches
  11 goblins
  10 hobgoblins
  2 jackals (D:1)
  5 quokkas
  8 ball pythons
  4 frilled lizards
  18 kobolds
  7 rats
  A plant (Lair:6)
450 creatures vanquished.

Vanquished Creatures (collateral kills)
  Kirke (Lair:5)
  Josephine (D:11)
  2 boulder beetles
  A catoblepas (Lair:2)
  4 hydras (Lair:2)
  2 two-headed ogres
  A centaur warrior (D:13)
  3 death yaks (Lair:6)
  Urug (Lair:3)
  A bog body (IceCv)
  A deep elf pyromancer (D:13)
  An ugly thing (D:13)
  2 orc knights (Orc:2)
  A manticore (D:10)
  A merfolk siren (Lair:3)
  2 centaur zombies
  6 elephants
  A torpor snail (Lair:5)
  4 black mambas
  11 cane toads
  An unseen horror (D:11)
  2 rime drakes
  7 komodo dragons
  3 ice devils (IceCv)
  An anaconda simulacrum (IceCv)
  An entropy weaver simulacrum (IceCv)
  A troll (D:12)
  A hornet (Lair:5)
  4 slime creatures
  A dream sheep (Lair:4)
  13 blink frogs
  8 flying skulls (Gauntlet)
  3 wraiths (D:11)
  A redback (Lair:4)
  A shadow (D:9)
  5 wyverns
  11 yaks
  3 basilisks
  2 steam dragons
  3 vampire mosquitoes (Lair:6)
  Edmund (D:5)
  A warg (Orc:2)
  5 water moccasins
  13 orc warriors
  An ice beast (D:7)
  A black bear (Lair:5)
  A sky beast (D:8)
  An ogre (D:6)
  5 centaurs
  5 wolves
  13 bullfrogs
  2 scorpions (Orc:1)
  A wyvern zombie (D:9)
  28 killer bees
  A howler monkey (D:10)
  A jelly (D:5)
  6 orc priests
  A centaur skeleton (D:5)
  2 bullfrog skeletons
  5 orc wizards
  2 iguanas
  A hell rat (Lair:5)
  A howler monkey zombie (D:8)
  An adder (D:6)
  17 orcs
  A hobgoblin (D:4)
  A kobold (D:9)
237 creatures vanquished.

Vanquished Creatures (others)
  A minotaur (Gauntlet)
  3 hydras
  A death yak (Lair:5)
  An elephant (Lair:3)
  A gargoyle (D:10)
  A queen bee (D:11)
  5 yaks
  6 killer bees
  15 knights
  4 ancestors
  A bush (Lair:6)
  69 fulminant prisms
  40 fungi
  121 plants
  11 withered plants (Gauntlet)
280 creatures vanquished.

Grand Total: 967 creatures vanquished

Notes
Turn   | Place    | Note
-------+----------+-------------------------------------------
     0 | D:1      | Angani the Vine Stalker Conjurer began the quest for the
                  | Orb.
     0 | D:1      | Reached XP level 1. HP: 9/9 MP: 4/4
   194 | D:1      | You fall into a shaft and drop 1 floor!
   202 | D:2      | Reached XP level 2. HP: 13/13 MP: 2/6
   243 | D:2      | Learned a level 2 spell: Searing Ray
   358 | D:2      | Found Tetwiusm's Weapon Boutique.
   393 | D:2      | Reached XP level 3. HP: 15/16 MP: 2/8
   496 | D:2      | Found Uggag's Book Shop.
   573 | D:2      | Found Enis's Weapon Shoppe.
   678 | D:1      | Gained mutation: Your natural rate of healing is unusually
                  | fast. [Vine Stalker growth]
   678 | D:1      | Reached XP level 4. HP: 21/21 MP: 2/10
  1333 | D:2      | Reached skill level 5 in Conjurations
  1618 | D:2      | Reached XP level 5. HP: 24/24 MP: 9/11
  1769 | D:2      | Found Qeah's Book Boutique.
  2011 | D:2      | Found Gaitoizu's General Store.
  2028 | D:2      | Bought a scroll of identify for 20 gold pieces
  2151 | D:3      | Learned a level 4 spell: Fulminant Prism
  2156 | D:3      | Learned a level 4 spell: Iskenderun's Mystic Blast
  2697 | D:3      | Noticed Natasha
  2704 | D:3      | Killed Natasha
  2705 | D:3      | Reached XP level 6. HP: 27/28 MP: 7/13
  3261 | D:4      | Found a staircase to the Ecumenical Temple.
  3269 | Temple   | Entered the Ecumenical Temple
  3462 | Temple   | Became a worshipper of Hepliaklqana the Forgotten
  3647 | D:4      | Reached skill level 5 in Spellcasting
  4246 | D:4      | Reached * piety under Hepliaklqana
  4420 | D:4      | Noticed Blork the orc
  4428 | D:4      | Killed Blork the orc
  4429 | D:4      | Reached skill level 1 in Hexes
  4429 | D:4      | Reached skill level 1 in Translocations
  4429 | D:4      | Reached XP level 7. HP: 28/28 MP: 6/16
  4760 | D:5      | Entered Level 5 of the Dungeon
  4760 | D:5      | Found Mued's Antique Weapon Boutique.
  4809 | D:5      | Reached skill level 2 in Translocations
  5093 | D:5      | Noticed a wraith
  5154 | D:5      | Noticed Edmund
  5222 | D:5      | Reached skill level 3 in Translocations
  5329 | D:5      | Found a burning altar of Makhleb.
  5329 | D:5      | Found a shadowy altar of Dithmenos.
  5330 | D:5      | Found an ornate altar of the Wu Jian Council.
  5337 | D:5      | Found an iron altar of Okawaru.
  5354 | D:5      | Gained mutation: You have razor-sharp teeth. [Vine Stalker
                  | growth]
  5354 | D:5      | Reached XP level 8. HP: 32/32 MP: 13/18
  5636 | D:5      | Found a snail-covered altar of Cheibriados.
  5984 | D:6      | Found a white marble altar of Elyvilon.
  6005 | D:6      | Reached skill level 4 in Translocations
  6278 | D:6      | Killed an unseen horror
  6279 | D:6      | Reached skill level 5 in Hexes
  6279 | D:6      | Reached skill level 5 in Translocations
  6470 | D:6      | Reached ** piety under Hepliaklqana
  6471 | D:6      | Remembered your ancestor Lokuzt as a knight
  6703 | D:6      | Learned a level 3 spell: Summon Guardian Golem
  6707 | D:6      | Found a glowing golden altar of the Shining One.
  6709 | D:6      | Noticed Grinder
  6953 | D:6      | Killed Grinder
  6954 | D:6      | Reached skill level 6 in Translocations
  6954 | D:6      | Reached XP level 9. HP: 35/35 MP: 3/19
  7276 | D:7      | Found a broken altar of Ashenzari.
  7800 | D:7      | Reached skill level 7 in Translocations
  7970 | D:7      | Identified the +1 ring mail of Antygou {rC- Dex+8}
  8169 | D:7      | Learned a level 2 spell: Blink
  8673 | D:8      | Reached XP level 10. HP: 39/39 MP: 18/20
  8810 | D:8      | Reached *** piety under Hepliaklqana
  8878 | D:8      | Reached skill level 1 in Invocations
  9282 | D:8      | Identified a scroll of acquirement
  9286 | D:8      | Acquired the +0 pair of gloves of the Hills {rF+ SInv}
  9343 | D:8      | Identified the +5 mace "Eluopaga" {freeze, rPois Int+3}
  9408 | D:9      | Noticed Prince Ribbit
  9422 | D:9      | Reached skill level 8 in Translocations
  9425 | D:9      | Killed Prince Ribbit
  9609 | D:9      | Noticed Grum
  9625 | D:9      | Killed Grum
  9656 | D:9      | Noticed Joseph
  9762 | D:9      | Found an opulent altar of Gozag.
  9969 | D:9      | Noticed Psyche
  9974 | D:9      | Killed Psyche
 10061 | D:9      | Reached **** piety under Hepliaklqana
 10363 | D:9      | Killed Joseph
 10364 | D:9      | Reached skill level 1 in Fighting
 10364 | D:9      | Reached skill level 1 in Evocations
 10407 | D:10     | Entered Level 10 of the Dungeon
 10714 | D:10     | Reached skill level 5 in Invocations
 10729 | D:10     | Noticed a two-headed ogre
 10745 | D:10     | Noticed a manticore
 10782 | D:10     | Killed a two-headed ogre
 10783 | D:10     | Reached XP level 11. HP: 29/45 MP: 9/21
 11024 | D:10     | Found a staircase to the Orcish Mines.
 11188 | D:10     | Killed a manticore
 11531 | D:10     | Noticed an eight-headed hydra
 11549 | D:10     | Killed an eight-headed hydra
 11731 | D:11     | Found a frozen archway.
 11742 | IceCv    | Entered an ice cave
 12879 | IceCv    | Noticed a bog body
 12884 | IceCv    | Killed a bog body
 12885 | IceCv    | Reached XP level 12. HP: 52/52 MP: 20/22
 13335 | D:11     | Reached skill level 5 in Fighting
 13404 | D:11     | Reached skill level 5 in Evocations
 13436 | D:11     | Noticed Josephine
 13448 | D:11     | Killed Josephine
 13449 | D:11     | Reached skill level 5 in Dodging
 13524 | D:11     | Noticed a seven-headed hydra
 13539 | D:11     | Killed a seven-headed hydra
 13592 | D:11     | Noticed a two-headed ogre
 13604 | D:11     | Killed a two-headed ogre
 14151 | D:11     | Found a staircase to the Lair.
 14656 | D:12     | Noticed a two-headed ogre
 14865 | D:12     | Killed a two-headed ogre
 15115 | D:12     | Noticed a two-headed ogre
 15121 | D:12     | Killed a two-headed ogre
 15238 | D:12     | Reached XP level 13. HP: 56/56 MP: 27/27
 15552 | D:12     | Reached skill level 10 in Spellcasting
 15884 | D:2      | Bought the +5 scythe "Finisher" {speed, eviscerate} for 533
                  | gold pieces
 15884 | D:2      | Found the +5 scythe "Finisher" {speed, eviscerate}
 15892 | D:2      | Learned a level 5 spell: Manifold Assault
 16205 | Lair:1   | Entered Level 1 of the Lair of Beasts
 16280 | Lair:1   | Reached skill level 1 in Polearms
 16485 | Lair:1   | Noticed Maggie
 16493 | Lair:1   | Killed Maggie
 16595 | Lair:1   | Reached ***** piety under Hepliaklqana
 17356 | Lair:2   | Reached skill level 9 in Translocations
 18092 | Lair:2   | Reached skill level 10 in Translocations
 18213 | Lair:2   | Reached skill level 5 in Polearms
 18488 | Lair:2   | Identified the ring of Kyuntu {rPois rC+ SInv}
 19216 | Lair:2   | Found a shadowy altar of Dithmenos.
 20127 | Lair:2   | Reached skill level 11 in Translocations
 20208 | Lair:2   | Reached XP level 14. HP: 61/61 MP: 29/29
 20380 | Lair:2   | Learned a level 5 spell: Freezing Cloud
 20391 | Lair:3   | Found a gate leading to a gauntlet.
 20396 | Lair:3   | Noticed Urug
 20400 | Gauntlet | Entered a Gauntlet
 20400 | Gauntlet | Found a transporter.
 20403 | Gauntlet | Found a transporter.
 20423 | Gauntlet | Found a transporter.
 20423 | Gauntlet | Found a transporter.
 20435 | Gauntlet | Found a transporter.
 20453 | Gauntlet | Found a transporter.
 20456 | Gauntlet | Found a transporter.
 20460 | Gauntlet | Found a transporter.
 20462 | Gauntlet | Found a runed translucent door.
 20490 | Gauntlet | Found a transporter.
 20490 | Gauntlet | Found a transporter.
 20498 | Gauntlet | Found a transporter.
 20537 | Gauntlet | Found a transporter.
 20898 | Gauntlet | Reached skill level 1 in Ice Magic
 20898 | Gauntlet | Reached skill level 1 in Air Magic
 21164 | Gauntlet | Identified the +0 pair of boots of the Sturgeon {SInv}
 21674 | Lair:3   | Killed Urug
 21872 | Lair:3   | Noticed Nergalle
 21890 | Lair:3   | Killed Nergalle
 22342 | Lair:3   | Found a staircase to the Shoals.
 22828 | Lair:4   | Found a hole to the Spider Nest.
 23816 | Lair:5   | Reached skill level 5 in Ice Magic
 23816 | Lair:5   | Reached skill level 5 in Air Magic
 24128 | Lair:5   | Noticed Kirke
 24245 | Lair:5   | Killed Kirke
 24607 | Lair:5   | Found a viscous altar of Jiyva.
 24608 | Lair:5   | Found a staircase to the Slime Pits.
 25261 | Lair:5   | Identified the +11 longbow "Woky" {speed, Str+3 Int+5}
 26150 | D:5      | Killed Edmund
 26354 | D:2      | Bought 15 arrows for 30 gold pieces
 26396 | D:2      | Bought 20 arrows for 52 gold pieces
 26802 | Lair:5   | Reached XP level 15. HP: 64/64 MP: 30/30
 27016 | Lair:6   | Entered Level 6 of the Lair of Beasts
 27129 | Lair:5   | Reached skill level 1 in Bows
 27940 | Lair:6   | Reached skill level 5 in Bows
 27954 | Lair:6   | HP: 1/64 [boulder beetle (24)]
 29381 | Lair:6   | Identified the +6 long sword of Virtue {flame, rN+ Int+4
                  | Dex-5}
 29561 | Orc:1    | Entered Level 1 of the Orcish Mines
 29561 | Orc:1    | Found Vufezi's Magic Scroll Boutique.
 29596 | Orc:1    | Bought a scroll of identify for 26 gold pieces
 29596 | Orc:1    | Bought a scroll of identify for 26 gold pieces
 29617 | Orc:1    | Found Ihomei's Jewellery Boutique.
 29817 | Orc:1    | Found a bloodstained altar of Trog.
 30100 | Orc:2    | Entered Level 2 of the Orcish Mines
 30126 | Orc:2    | Found Miuvusir's Book Shop.
 30794 | Orc:2    | Reached skill level 10 in Bows
 31042 | Orc:2    | Found a staircase to the Elven Halls.
 31140 | Orc:2    | Reached XP level 16. HP: 68/68 MP: 31/31
 31441 | Orc:2    | Found Vafuck's Antique Armour Boutique.
 31441 | Orc:2    | Found Ruasy's Jewellery Emporium.
 31482 | Orc:2    | Found Uqathiam's Distillery.
 31482 | Orc:2    | Found Impewn's Antique Armour Emporium.
 31527 | Orc:2    | Bought the +2 cloak of the Thief {*Fog Slay-2 SInv Stlth+}
                  | for 502 gold pieces
 31527 | Orc:2    | Found the +2 cloak of the Thief {*Fog Slay-2 SInv Stlth+}
 32538 | D:13     | Shot with an arrow by a centaur warrior

Illustrated notes

Levels and vault maps discovered:
D:1:      evilmike_arrival_hilbert_curve, layout_rooms
D:2:      layout_loops_cross, serial_shops,
          nicolae_shop_temple_entry_statues_fountains,
          nicolae_shop_bloodbath_and_beyond, nicolae_shop_trees,
          nicolae_shop_hallway_plus, nicolae_shop_competitors_out_of_business
D:3:      wander_river, layout_basic, uniq_natasha
D:4:      layout_gridville, minmay_temple_entry_statues_fountains,
          uniq_blork_the_orc
D:5:      layout_loops_ring, slow_altar_2, nicolae_overflow_quartered_altars,
          nicolae_stop_n_shop_1, uniq_edmund
D:6:      layout_basic, lemuel_tele_altar, tso_oasis_becter, uniq_grinder
D:7:      layout_basic, mainiacjoe_overflow_boulevard,
          minmay_a_box_with_orc_wizards_in_it
D:8:      layout_basic
D:9:      layout_gridville, mainiacjoe_overflow_alcove_1, uniq_prince_ribbit1,
          uniq_joseph, uniq_grum, uniq_psyche
D:10:     layout_gridville, erik_orc_4, minivault_20
D:11:     layout_basic, david_lair_shrubbed, special_room [special_room_bee],
          portal_ice_cave_rime, uniq_josephine
D:12:     layout_roguey
D:13:     layout_long_grid, zin_purify
Temple:   nicolae_temple_figure_eight
Lair:1:   minmay_lair_oklob_tunnel, layout_regular_city, uniq_maggie
Lair:2:   regret_index_harrowing_hell_hive, layout_gridlike, lemuel_oklob_altar,
          grunt_megastairs_5, lemuel_fruit_tree
Lair:3:   layout_chaotic_city, minmay_shoals_entry_lonely_mermaid,
          gauntlet_entry_generic, st_stairs_7, uniq_urug, uniq_nergalle
Lair:4:   layout_loops_ring, spider_nest_entry_a
Lair:5:   dpeg_oklob_gauntlet, layout_hall_layers,
          dpeg_slime_entry_enclosed_altar, nicolae_lair_lakeside_cave,
          grunt_megastairs_4, uniq_kirke
Lair:6:   minmay_lair_end_frog_pond, layout_hall_layers
Orc:1:    layout_caves, serial_shops, shop, minmay_shop_enchanted_jewellery,
          trog_butcher_becter
Orc:2:    st_orc_town, layout_diamond_mine, serial_shops, shop

Skill      XL: |  1  2  3  4  5  6  7  8  9 10 11 12 13 14 15 16 |
---------------+-------------------------------------------------+-----
Spellcasting   | 3 4 5 6 9 10 | 10.3
Conjurations   | 5 6 7 8 9 |  9.6
Hexes          | 1 3 6 7 8 |  8.4
Translocations | 1 3 6 7 8 11 | 11.1
Invocations    | 5 8 |  8.6
Fighting       | 2 4 5 |  5.0
Dodging        | 2 4 6 |  6.0
Evocations     | 2 4 5 |  5.0
Polearms       | 6 |  6.5
Ice Magic      | 6 7 |  7.0
Air Magic      | 6 7 |  7.0
Bows           | 10 | 10.8
Stealth        | 3 |  3.9

Action                   |  1- 3 |  4- 6 |  7- 9 | 10-12 | 13-15 | 16-18 || total
-------------------------+-------+-------+-------+-------+-------+-------++-------
Melee: Unarmed           |     6 |    15 |       |       |       |       ||    21
       Bite              |     2 |     1 |       |     1 |    31 |     9 ||    44
       Mace              |       |       |       |     1 |       |       ||     1
       Scythe            |       |       |       |       |   333 |    55 ||   388
 Cast: Magic Dart        |    22 |   143 |    92 |   102 |    83 |     2 ||   444
       Searing Ray       |     5 |    11 |    45 |   104 |   131 |     6 ||   302
       Iskenderun's Myst |       |       |     3 |     5 |    19 |       ||    27
       Fulminant Prism   |       |       |     1 |    33 |    35 |       ||    69
       Summon Guardian G |       |       |       |    10 |    20 |       ||    30
       Blink             |       |       |       |     1 |     5 |     3 ||     9
       Manifold Assault  |       |       |       |       |    41 |       ||    41
       Freezing Cloud    |       |       |       |       |    65 |    10 ||    75
Invok: Ancestor Identity |       |     1 |       |       |       |       ||     1
       Ancestor Life: Kn |       |       |     1 |       |       |       ||     1
       Recall Ancestor   |       |       |       |     2 |     7 |     1 ||    10
       Transference      |       |       |       |     1 |     5 |       ||     6
       Idealise          |       |       |       |       |     2 |       ||     2
Evoke: Wand              |       |       |       |     2 |     7 |       ||     9
       Condenser vane    |       |       |       |       |     1 |       ||     1
  Use: Scroll            |       |     6 |     2 |    11 |    16 |       ||    35
       Potion            |       |       |       |       |     2 |       ||     2
 Stab: Distracted        |       |       |       |       |     4 |     1 ||     5
       Sleeping          |       |       |       |       |     1 |     1 ||     2
Armor: Robe              |     3 |     9 |     3 |    22 |    58 |    14 ||   109
       Skin              |       |       |       |       |     6 |       ||     6
Dodge: Dodged            |     4 |    22 |    10 |    51 |   190 |    17 ||   294

Table legend: (Time is in decaauts)
 A = Elapsed time spent in this place.
 B = Non-inter-level travel time spent in this place.
 C = Inter-level travel time spent in this place.
 D = Time resting spent in this place.
 E = Time spent auto-exploring this place.
 F = Levels seen in this place.
 G = Mean time per level.
                   A        B        C        D        E       F      G
               +--------+--------+--------+--------+--------+-----+--------+
         Total |  32735 |  29953 |   2782 |  10779 |  11927 |  24 | 1364.0 |
       Dungeon |  16092 |  14268 |   1824 |   4978 |   6236 |  13 | 1237.8 |
        Temple |    214 |    200 |     14 |      0 |    188 |   1 |  214.0 |
          Lair |  11593 |  10740 |    853 |   4203 |   4153 |   6 | 1932.2 |
  Orcish Mines |   2479 |   2388 |     91 |    490 |   1191 |   2 | 1239.5 |
      Ice Cave |   1412 |   1412 |      0 |    913 |      0 |   1 | 1412.0 |
      Gauntlet |    942 |    942 |      0 |    195 |    158 |   1 |  942.0 |
               +--------+--------+--------+--------+--------+-----+--------+

Top non-repeatable levels by time:
  Lair:2: 3300 daAuts
  Lair:5: 2537 daAuts
    D:11: 1938 daAuts
  Lair:6: 1920 daAuts
   Orc:2: 1860 daAuts
     D:4: 1613 daAuts
     D:7: 1580 daAuts
   IceCv: 1412 daAuts
     D:6: 1382 daAuts
     D:2: 1373 daAuts
  Lair:3: 1342 daAuts
    D:10: 1321 daAuts
     D:3: 1312 daAuts
  Lair:4: 1310 daAuts
     D:9: 1308 daAuts
